 Dungeon Crawl Stone Soup version 0.32-a0-314-g526f7d4993 (webtiles) character file.

Game seed: 6234064762989489482

142 kae the Changeling (level 5, -2/37 HPs)
             Began as a Demonspawn Shapeshifter on Feb 15, 2024.
             Incinerated by a bombardier beetle (6 damage)
             ... with a burning spray
             ... on level 3 of the Dungeon.
             The game lasted 00:01:36 (1697 turns).

kae the Changeling (Demonspawn Shapeshifter)        Turns: 1697, Time: 00:01:37

Health: -2/37      AC:  4    Str: 14    XL:     5   Next: 4%
Magic:  5/5        EV: 12    Int: 10    God:
Gold:   169        SH:  0    Dex: 15    Spells: 4/4 levels left

rFire   . .          .
                       - Unarmed
rCold   . . .        (no shield)
rNeg    . . .        a - +0 animal skin
rPois   .            (helmet currently unavailable)
rElec   .            (cloak currently unavailable)
rCorr   .            (gloves currently unavailable)
SInv    .            (boots currently unavailable)
Will    +....        g - amulet of regeneration
Stlth   +            e - ring of willpower
HPRegen 1.06/turn    (no ring)
MPRegen 0.09/turn

%: no passive effects
@: on fire, beast-form, glowing
A: beast (slay +2), horns 1, icy blue scales 1
a: Begin Untransformation


You were on level 3 of the Dungeon.
You were a hulking beast.
You visited 1 branch of the dungeon, and saw 3 of its levels.

You collected 169 gold pieces.


Innate Abilities, Weirdness & Mutations

You are a hulking beast.
Your limbs bulge with bestial killing power. (Slay +2)
You have a pair of small horns on your head.
You are partially covered in icy blue scales. (AC +2)


   Skills:
 - Level 1.0 Fighting
 - Level 1.7 Dodging
 + Level 3.7 Unarmed Combat
 * Level 4.3 Shapeshifting


You had 4 spell levels left.
You didn't know any spells.
Your spell library contained the following spells:

 Spells                   Type           Power      Damage    Failure   Level
 Apportation              Tloc           0%         N/A       36%         1
 Freeze                   Ice            0%         1d3       36%         1
 Necrotise                Necr           0%         1d4       36%         1
 Sting                    Conj/Alch      0%         1d3       36%         1
 Summon Small Mammal      Summ           0%         N/A       36%         1
 Frozen Ramparts          Ice            0%         1d1       75%         3
 Hailstorm                Conj/Ice       0%         3d5       75%         3

Inventory:

Missiles
 i - 20 stones (quivered)
Armour
 a - a +0 animal skin (worn)
 o - a +1 cloak
   (You found it on level 2 of the Dungeon)
Jewellery
 e - a ring of willpower (left hand)
   (You found it on level 1 of the Dungeon)
 g - an amulet of regeneration (around neck)
   (You found it on level 1 of the Dungeon)
Talismans
 c - a beast talisman (active)
 d - a flux talisman
 m - a maw talisman
   (You found it on level 2 of the Dungeon)
Scrolls
 f - 2 scrolls of noise {unknown}
 h - a scroll of immolation {!r!r}
 k - a scroll of fog
Potions
 b - a potion of lignification {!q}
 j - a potion of enlightenment
 n - a potion of magic {unknown}

Dungeon Overview and Level Annotations

Branches:
Dungeon (3/15) Zot: 16313

Altars:

Shops:
D:1

[ #~~..~..~..~..
#~~..~..~⌠.~..
#~~...~.⌠~..~.
#~~~..~..~..~.
#~~~..~..~~..
#$~..~......
#..~~.......
##...........
#.h..........
##.###...#### #†#
.###
..#####.###.######
.................#
..#####.########.####
##...###........#
#.....##.###†##.##
##...###.##......#


There were no monsters in sight!


Message History

😕 HP[+1]
You closely miss the adder.
The adder completely misses you. 😕 HP[+1]
You hit the adder. The adder bites you but does no damage.
You hit the adder.
The adder bites you but does no damage. x2 😎 HP[+1]
Your hp is fully restored (32).
You hit the adder. The adder closely misses you.
Unknown command.
You hit the adder. The adder bites you but does no damage.
You hit the adder.
You kill the adder!
Unknown command.
You barely miss the bombardier beetle.
Unknown command.
You hit the bombardier beetle but do no damage.
The bombardier beetle closely misses you.
You hit the bombardier beetle but do no damage.
Unknown command.
You completely miss the bombardier beetle.
The bombardier beetle bites you. 😕 HP[-1]
You take 1 damage, and now have 31/32 hp.
Unknown command.
You closely miss the bombardier beetle.
The bombardier beetle sprays incendiary fluid at you.
The burning spray hits you.
You are covered in liquid fire! 😎 HP[+1]
Your hp is fully restored (32).
You hit the bombardier beetle but do no damage.
The liquid fire burns you! 😕 HP[-2]
You take 2 damage, and now have 30/32 hp.
You hit the bombardier beetle. The liquid fire burns you!
The bombardier beetle barely misses you. 😕 HP[-5]
You take 5 damage, and now have 25/32 hp.
You hit the bombardier beetle. The liquid fire burns you! 😮 HP[-3]
You take 3 damage, and now have 22/32 hp.
You barely miss the bombardier beetle. The liquid fire burns you!
The bombardier beetle sprays incendiary fluid at you.
The burning spray hits you.
You are even more covered in liquid fire! 😮 HP[-3]
You take 3 damage, and now have 19/32 hp.
You closely miss the bombardier beetle. The liquid fire burns you!
* * * LOW HITPOINT WARNING * * *
😮 HP[-2]
You take 2 damage, and now have 17/32 hp.
Unknown command.
You hit the bombardier beetle but do no damage.
Your punch misses the bombardier beetle.
The liquid fire burns you!
* * * LOW HITPOINT WARNING * * *
The bombardier beetle sprays incendiary fluid at you.
The burning spray hits you.
You are even more covered in liquid fire! 😨 HP[-3]
You take 3 damage, and now have 14/32 hp.
You hit the bombardier beetle. The liquid fire burns you!
* * * LOW HITPOINT WARNING * * *
The bombardier beetle bites you but does no damage. 😨 HP[-3]
You take 3 damage, and now have 11/32 hp.
You hit the bombardier beetle. The liquid fire burns you!
* * * LOW HITPOINT WARNING * * *
😨 HP[-2]
You take 2 damage, and now have 9/32 hp.
You hit the bombardier beetle.
You kill the bombardier beetle!
The liquid fire burns you!
* * * LOW HITPOINT WARNING * * *
You have reached level 5!
Your demonic ancestry asserts itself...
A pair of horns grows on your head! 😱 HP[-2] MP[+1]
You now have 37 max hp (+5).
Your mp is fully restored (5).
You shake off some of the fire as you move.
The liquid fire burns you!
* * * LOW HITPOINT WARNING * * *
You see here a bombardier beetle corpse. 😱 HP[-2]
You take 2 damage, and now have 5/37 hp.
Unknown command.
You shake off some of the fire as you move.
The liquid fire burns you!
* * * LOW HITPOINT WARNING * * *
😱 HP[-1]
You take 1 damage, and now have 4/37 hp.
You shake off some of the fire as you move.
The liquid fire burns you!
You die...

Skill      XL: |  1  2  3  4 |
---------------+-------------+-----
Shapeshifting  | 3 4 |  4.3
Unarmed Combat | 3 |  3.7
Fighting       | |  1.0
Dodging        | |  1.7

Action                     |  1- 3 |  4- 6 || total
---------------------------+-------+-------++-------
  Melee: Unarmed           |   114 |    84 ||   198
         Punch             |     1 |     2 ||     3
    Use: Scroll            |     3 |     2 ||     5
   Stab: Sleeping          |     1 |       ||     1
 Armour: Animal skin       |    67 |    51 ||   118
  Dodge: Dodged            |    77 |    73 ||   150

Levels and vault maps discovered:
D:1:      psy_arrival_statuary, layout_loops_ring, serial_shops, shop
D:2:      layout_basic
D:3:      cheibrodos_helix_gallery, layout_loops_corners,
          gammafunk_ghost_abyssal_escape, chequers_ecumenical_altar_simple,
          hangedman_glass_teeth

Notes
Turn   | Place    | Note
-------+----------+-------------------------------------------
     0 | D:1      | kae the Demonspawn Shapeshifter began the quest for the
                  | Orb.
     0 | D:1      | Reached XP level 1. HP: 15/15 MP: 1/1
     0 | D:1      | magus.rc [v1.11.3]
    70 | D:1      | Reached skill level 3 in Shapeshifting
    73 | D:1      | Gained mutation: You are partially covered in icy blue
                  | scales. (AC +2) [demonic ancestry]
    73 | D:1      | Reached XP level 2. HP: 16/21 MP: 2/2
   140 | D:1      | Reached skill level 3 in Unarmed Combat
   176 | D:1      | Reached XP level 3. HP: 20/26 MP: 3/3
   291 | D:1      | Found Kurafae's Armour Shop.
  1035 | D:2      | You pick up a book of Frost and begin reading...
  1035 | D:2      | You add the spells Freeze, Frozen Ramparts and Hailstorm to
                  | your library.
  1067 | D:2      | Reached XP level 4. HP: 11/32 MP: 4/4
  1134 | D:2      | You pick up a book of Cantrips and begin reading...
  1134 | D:2      | You add the spells Sting, Necrotise, Summon Small Mammal
                  | and Apportation to your library.
  1619 | D:3      | Reached skill level 4 in Shapeshifting
  1693 | D:3      | HP: 8/32 [burnt (3)]
  1695 | D:3      | Gained mutation: You have a pair of small horns on your
                  | head. [demonic ancestry]
  1695 | D:3      | Reached XP level 5. HP: 7/37 MP: 5/5
  1696 | D:3      | HP: 3/37 [burnt (2)]
  1697 | D:3      | Incinerated by a bombardier beetle

Vanquished Creatures
  A bombardier beetle (D:3)
  An adder (D:3)
  2 dart slugs
  A ribbon worm (D:2)
  An endoplasm (D:2)
  A giant cockroach (D:1)
  7 goblins
  5 hobgoblins
  10 jackals
  2 kobolds
  3 quokkas
  3 ball pythons
  9 bats
  2 frilled lizards (D:2)
  4 rats
52 creatures vanquished.

Table legend:
 A = Non-vault XP
 B = Vault XP
 C = Vault XP percentage of total XP
 D = Non-vault monster count
 E = Vault monster count
 F = Vault count percentage of total count
                 A         B        C        D         E       F
            +---------+---------+-------+---------+---------+-------
      Total |     141 |      63 |  30.9 |      50 |       2 |   3.8
            +---------+---------+-------+---------+---------+-------
        D:1 |      66 |       0 |   0.0 |      23 |       0 |   0.0
        D:2 |      54 |       0 |   0.0 |      20 |       0 |   0.0
        D:3 |      21 |      63 |  75.0 |       7 |       2 |  22.2
            +---------+---------+-------+---------+---------+-------

Skill      XL: |  1  2  3  4 |
---------------+-------------+-----
Shapeshifting  | 3 4 |  4.3
Unarmed Combat | 3 |  3.7
Fighting       | |  1.0
Dodging        | |  1.7

Action                     |  1- 3 |  4- 6 || total
---------------------------+-------+-------++-------
  Melee: Unarmed           |   114 |    84 ||   198
         Punch             |     1 |     2 ||     3
    Use: Scroll            |     3 |     2 ||     5
   Stab: Sleeping          |     1 |       ||     1
 Armour: Animal skin       |    67 |    51 ||   118
  Dodge: Dodged            |    77 |    73 ||   150

Illustrated notes

Table legend:
 A = Kills in this place as a percentage of kills in the entire game.
 B = Kills by you in this place as a percentage of kills by you in the entire game.
 C = Kills by friends in this place as a percentage of kills by friends in the entire game.
 D = Other kills in this place as a percentage of other kills in the entire game.
 E = Experience gained in this place as a percentage of experience gained in the entire game.
 F = Experience gained in this place divided by the number of levels of this place that you have seen.
                   A       B       C       D       E      F
               +-------+-------+-------+-------+-------+----------------------
         Total | 100.0 | 100.0 |   N/A |   N/A | 100.0 |  68.0
       Dungeon | 100.0 | 100.0 |   N/A |   N/A | 100.0 |  68.0
               +-------+-------+-------+-------+-------+----------------------

Table legend: (Time is in decaauts)
 A = Elapsed time spent in this place.
 B = Non-inter-level travel time spent in this place.
 C = Inter-level travel time spent in this place.
 D = Time resting spent in this place.
 E = Time spent auto-exploring this place.
 F = Levels seen in this place.
 G = Mean time per level.
                   A        B        C        D        E       F      G
               +--------+--------+--------+--------+--------+-----+--------+
         Total |   1686 |   1613 |     73 |      5 |   1223 |   3 |  562.0 |
       Dungeon |   1686 |   1613 |     73 |      5 |   1223 |   3 |  562.0 |
               +--------+--------+--------+--------+--------+-----+--------+

Top non-repeatable levels by time:
     D:1: 763 daAuts
     D:2: 723 daAuts
     D:3: 199 daAuts
